 Dungeon Crawl Stone Soup version 0.30.0-29-ga12c61a403 (webtiles) character file.

Game seed: 5806273507705284323

1092 cdecastro the Insei (level 8, 0/59 HPs)
             Began as a Green Draconian Transmuter on June 13, 2023.
             Killed from afar by an orc wizard (6 damage)
             ... with a magic dart
             ... on level 6 of the Dungeon on June 14, 2023.
             The game lasted 00:17:47 (5606 turns).

cdecastro the Insei (Green Draconian Transmuter)    Turns: 5606, Time: 00:17:48

Health: 0/59       AC:  7    Str: 12    XL:     8   Next: 9%
Magic:  18/20      EV: 12    Int: 16    God:
Gold:   132        SH:  0    Dex: 12    Spells: 1/11 levels left

rFire   . .          .
                       - Unarmed
rCold   . . .        (no shield)
rNeg    . . .        (body armour unavailable)
rPois   +            (helmet restricted)
rElec   .            (no cloak)
rCorr   .            c - +0 pair of gloves
SInv    .            (no boots)
Will    .....        (no amulet)
Stlth   +            i - ring of magical power
HPRegen 0.29/turn    (no ring)
MPRegen 0.17/turn

%: no passive effects
@: wereblooded
A: breathe noxious fumes, AC +6, unfitting armour, poison resistance,
cold-blooded
a: Breathe Noxious Fumes


You were on level 6 of the Dungeon.
You visited 2 branches of the dungeon, and saw 7 of its levels.

You collected 411 gold pieces.
You spent 279 gold pieces at shops.

Inventory:

Missiles
 d - 30 poisoned darts
 o - 2 boomerangs
 v - 8 javelins
Armour
 c - a +0 pair of gloves (worn)
Jewellery
 i - a ring of magical power (left hand)
Wands
 y - a wand of paralysis (9)
Scrolls
 f - a scroll of torment {unknown}
 g - 5 scrolls of teleportation
 h - 2 scrolls of enchant weapon {unknown}
 j - a scroll of immolation {unknown}
 k - a scroll of enchant armour {unknown}
 m - 2 scrolls of fog
 p - 4 scrolls of identify {unknown}
 q - a scroll of blinking {unknown}
 r - 3 scrolls of vulnerability {unknown}
 s - a scroll of poison
 t - a scroll of fear
 u - 2 scrolls of summoning
 x - a scroll of magic mapping {unknown}
Potions
 a - 4 potions of lignification
 b - 6 potions of might {unknown}
 e - a potion of brilliance {unknown}
 l - a potion of degeneration {unknown}
 n - a potion of ambrosia {unknown}
 w - a potion of haste {unknown}


   Skills:
 - Level 1.1 Fighting
 - Level 1.7 Dodging
 + Level 7.4 Unarmed Combat
 + Level 2.2 Spellcasting
 - Level 6.2 Transmutations
 - Level 3.0 Poison Magic


You had one spell level left.
You knew the following spells:

 Your Spells              Type           Power      Damage    Failure   Level
a - Beastly Appendage     Tmut           42%        N/A       1%          1
b - Wereblood             Tmut           21%        N/A       2%          2
c - Spider Form           Tmut/Pois      16%        N/A       9%          3
d - Ice Form              Ice/Tmut       11%        N/A       50%         4

Your spell library contained the following spells:

 Spells                   Type           Power      Damage    Failure   Level


Dungeon Overview and Level Annotations

Branches:
Dungeon (6/15)             Temple (1/1) D:5

Altars:
Elyvilon
Fedhas
Gozag
Hepliaklqana
Kikubaaqudgha
Makhleb
Nemelex Xobeh
Okawaru
Sif Muna
Xom

Shops:
D:4 ?   D:5 *

Annotations:
D:1 enemy vaults need shatter
D:4 1 runed translucent door, Crazy Yiuf, Duvessa


Innate Abilities, Weirdness & Mutations

You can breathe blasts of noxious fumes.
Your lurid green scales are hard. (AC +6)
You cannot fit into any form of body armour.
Your system is resistant to poisons. (rPois)
You are cold-blooded and may be slowed by cold attacks.


Message History

There is a stone staircase leading up here.
The iguana hisses angrily.
You hit the ufetubus.
The ufetubus is poisoned.
The ufetubus is heavily wounded.
The ufetubus closely misses you. x2
You bite the ufetubus!
You feel a bit better.
You kill the ufetubus!
The orc wizard points at you and mumbles some strange words.
The magic dart hits you. The orc wizard completely misses you.
A black bear comes into view.
The orc wizard completely misses you. The orc wizard misses you.
You barely miss the orc wizard.
The orc wizard hits you with a +0 dagger.
The orc wizard points at you and mumbles some strange words.
The magic dart hits you!
You hit the orc wizard but do no damage.
The orc wizard is poisoned.
The orc closely misses you.
The orc wizard hits you with a +0 dagger.
The orc wizard barely misses you.
You hit the orc wizard.
The orc wizard is lightly wounded.
The orc barely misses you. The orc wizard casts a spell at you.
The puff of flame hits you!
* * * LOW HITPOINT WARNING * * *
The iguana bites you!
* * * LOW HITPOINT WARNING * * *
The orc wizard misses you.
The orc wizard attacks as you move away!
The orc wizard closely misses you. The orc closely misses you.
The iguana bites you but does no damage.
The orc wizard gestures at you while chanting.
The magic dart hits you!
* * * LOW HITPOINT WARNING * * *
There is a stone staircase leading up here.
Your transformation has ended.
Your +0 pair of gloves unmelds from your body.
The orc wizard casts a spell at you. The magic dart hits you.
You die...

#...... . #..
#........###...
#......#...... ..
#.......#...# ...
#........#.. #..#
#........#.... ..
#.....†h..#o. ...
#....lo##..# ..#
.# ##...@o##..##..
#.#
#....o.).#..#.....
#.......#....#....
####...#..##..#...
#..#...##...#..
###..........#
#.###..##...
#.....## ..
##.#### ...


You could see a black bear, an iguana, 2 orc wizards and an orc.

Vanquished Creatures
  Menkaure (D:4)
  A water moccasin (D:5)
  2 black bears (D:5)
  3 hounds
  2 orc priests (D:5)
  A gnoll bouda (D:5)
  2 iguanas
  4 orc wizards
  12 gnolls
  4 adders
  An ufetubus (D:6)
  2 dart slugs
  20 orcs
  4 bats
  6 endoplasms
  A giant cockroach (D:2)
  38 goblins
  31 hobgoblins
  15 jackals
  6 quokkas
  8 ball pythons
  3 frilled lizards (D:1)
  5 kobolds
  7 rats
179 creatures vanquished.

Notes
Turn   | Place    | Note
-------+----------+-------------------------------------------
     0 | D:1      | cdecastro the Draconian Transmuter began the quest for the
                  | Orb.
     0 | D:1      | Reached XP level 1. HP: 16/16 MP: 3/3
     2 | D:1      | Noticed a demonspawn
     2 | D:1      | Noticed a minotaur
     4 | D:1      | Noticed a ghoul
     4 | D:1      | Noticed a troll
     6 | D:1      | Noticed a merfolk
     8 | D:1      | Noticed a naga
     8 | D:1      | Noticed an armataur
    10 | D:1      | Noticed a meteoran
    10 | D:1      | Noticed a human
    12 | D:1      | Noticed an ogre
    12 | D:1      | Noticed a gargoyle
    14 | D:1      | Noticed a demigod
    14 | D:1      | Noticed a felid
    16 | D:1      | Noticed a formicid
    16 | D:1      | Noticed a tengu
    18 | D:1      | Noticed a vampire
    18 | D:1      | Noticed an elf
    21 | D:1      | Noticed a vine stalker
    23 | D:1      | Noticed a draconian
    25 | D:1      | Noticed a spriggan
    27 | D:1      | Noticed a vine stalker
    27 | D:1      | Noticed a demonspawn
   171 | D:1      | Reached XP level 2. HP: 23/23 MP: 5/5
   257 | D:1      | Learned a level 2 spell: Wereblood
   514 | D:1      | Reached XP level 3. HP: 28/28 MP: 6/6
  1027 | D:2      | Reached skill level 4 in Unarmed Combat
  1118 | D:2      | Reached XP level 4. HP: 35/35 MP: 3/7
  1951 | D:3      | Reached XP level 5. HP: 40/40 MP: 8/8
  2694 | D:3      | Reached skill level 5 in Unarmed Combat
  3063 | D:3      | Reached XP level 6. HP: 47/47 MP: 9/9
  3402 | D:4      | Found a runed translucent door.
  3403 | D:4      | Noticed Crazy Yiuf
  3486 | D:4      | Found Fotianoi's Magic Scroll Shoppe.
  3520 | D:4      | Bought a scroll of poison for 52 gold pieces
  3520 | D:4      | Bought a scroll of fog for 52 gold pieces
  3520 | D:4      | Bought a scroll of fear for 52 gold pieces
  3520 | D:4      | Bought a scroll of summoning for 123 gold pieces
  3544 | D:4      | Noticed Duvessa
  3700 | D:4      | Reached skill level 5 in Transmutations
  3730 | D:4      | Noticed Menkaure
  3752 | D:4      | Killed Menkaure
  3915 | D:5      | Entered Level 5 of the Dungeon
  3930 | D:5      | Reached skill level 6 in Unarmed Combat
  3969 | D:5      | Your scales start taking on a lurid green colour.
  3969 | D:5      | Reached XP level 7. HP: 30/52 MP: 10/10
  3969 | D:5      | Gained mutation: Your system is resistant to poisons.
                  | (rPois) [Green Draconian growth]
  3973 | D:5      | Learned a level 3 spell: Spider Form
  3978 | D:5      | Learned a level 4 spell: Ice Form
  4366 | D:5      | Found a blossoming altar of Fedhas.
  4430 | D:5      | Reached skill level 1 in Poison Magic
  4552 | D:5      | Found Gozag's Platinum Reserve.
  4569 | D:5      | Found an opulent altar of Gozag.
  4580 | D:5      | Paralysed by an orc for 4 turns
  4622 | D:5      | Reached skill level 7 in Unarmed Combat
  4686 | D:5      | Reached XP level 8. HP: 27/59 MP: 11/11
  4907 | D:5      | Found a staircase to the Ecumenical Temple.
  4910 | D:5      | Found a faded altar of an unknown god.
  5011 | Temple   | Entered the Ecumenical Temple
  5606 | D:6      | Killed from afar by an orc wizard

Illustrated notes

Levels and vault maps discovered:
D:1:      kb_arrival_jail, layout_basic, minmay_domino_4
D:2:      layout_loops_cross, kennysheep_generic_room_12
D:3:      minmay_goblin_kobold_castle, layout_basic
D:4:      cheibrodos_greedy_goblins, layout_rooms, serial_shops, shop,
          uniq_crazy_yiuf_cottage, uniq_duvessa, uniq_menkaure
D:5:      layout_rooms, nicolae_gozag_zags_fifth_avenue, fedhas_altar_2,
          nicolae_temple_entry_ecumenical
D:6:      layout_cave_pods, lemuel_tele_altar, minivault_26, solitary_fountain
Temple:   hellmonk_temple_forest_ring

Skill      XL: |  1  2  3  4  5  6  7  8 |
---------------+-------------------------+-----
Transmutations | 3 4 5 6 |  6.2
Unarmed Combat | 4 5 6 7 |  7.4
Poison Magic   | 2 3 |  3.0
Fighting       | |  1.1
Dodging        | |  1.7
Spellcasting   | |  2.2

Action                     |  1- 3 |  4- 6 |  7- 9 || total
---------------------------+-------+-------+-------++-------
  Melee: Unarmed           |   165 |   252 |   116 ||   533
         Tailslap          |    17 |    28 |     6 ||    51
         Punch             |     6 |     4 |     1 ||    11
         Headbutt          |     4 |    24 |       ||    28
         Kick              |     3 |    54 |     5 ||    62
  Throw: Dart              |       |     3 |       ||     3
   Cast: Beastly Appendage |     6 |    41 |     3 ||    50
         Wereblood         |     1 |    16 |     5 ||    22
         Spider Form       |       |       |     6 ||     6
    Use: Scroll            |       |     1 |       ||     1
 Armour: Skin              |    59 |    90 |    19 ||   168
  Dodge: Dodged            |   107 |   167 |   103 ||   377
